 Dungeon Crawl Stone Soup version 0.29.1-2-gbd0b4ee654 (webtiles) character file.

Game seed: 3455211735365521480

133 safid the Shooter (level 4, 0/41 HPs)
             Began as a Minotaur Hunter on Nov 4, 2022.
             Slain by a kobold brigand
             ... wielding a +0 dagger
              (5 damage)
             ... in a sewer.
             The game lasted 00:04:29 (1541 turns).

safid the Shooter (Minotaur Hunter)                 Turns: 1541, Time: 00:04:31

Health: 0/41       AC:  3    Str: 16    XL:     4   Next: 94%
Magic:  0/3        EV: 12    Int:  6    God:
Gold:   88         SH:  0    Dex: 15    Spells: 3/3 levels left

rFire   . . .      SeeInvis .   a - +0 shortbow
rCold   . . .      Faith    .   (shield currently unavailable)
rNeg    . . .      Spirit   +   c - +0 leather armour
rPois   .          Reflect  .   (helmet restricted)
rElec   .          Harm     .   (no cloak)
rCorr   .          Rampage  .   (no gloves)
Will    .....                   (no boots)
Stlth   +.........              e - amulet of guardian spirit
HPRegen 0.13/turn               (no ring)
MPRegen 0.08/turn               (no ring)

@: no status effects
A: horns 2, retaliatory headbutt
a: no special abilities


You were in a sewer.
You visited 1 branch of the dungeon, and saw 3 of its levels.
You also visited: Sewer.

You collected 88 gold pieces.

Inventory:

Hand Weapons
 a - a +0 shortbow (weapon)
Armour
 c - a +0 leather armour (worn)
Jewellery
 e - an amulet of guardian spirit (around neck)
Scrolls
 b - a scroll of summoning {unknown}
 d - a scroll of blinking {unknown}
 g - a scroll of identify {unknown}
 i - 2 scrolls of teleportation {unknown}
 k - a scroll of silence {unknown}
 m - 3 scrolls of enchant weapon {unknown}
Potions
 f - 2 potions of flight {unknown}
 h - a potion of attraction {unknown}
 j - a potion of lignification {unknown}
 l - a potion of degeneration {unknown}
 n - 2 potions of curing {unknown}


   Skills:
 + Level 4.7 Fighting
 + Level 5.8 Ranged Weapons
 - Level 2.1 Dodging
 - Level 0.7 Stealth


You had 3 spell levels left.
You didn't know any spells.
Your spell library contained the following spells:

 Spells                   Type           Power      Damage    Failure   Level
 Beastly Appendage        Tmut           0%         N/A       52%         1
 Wereblood                Tmut           0%         N/A       67%         2
 Spider Form              Tmut/Pois      0%         N/A       88%         3
 Tukima's Dance           Hex            0%         N/A       88%         3
 Passage of Golubria      Tloc           0%         N/A       99%         4
 Yara's Violent Unravell  Hex/Tmut       0%         3d3       100%        5


Dungeon Overview and Level Annotations

Branches:
Dungeon (3/15)              Sewer (1/1)

Altars:

Annotations:
Sewer Grinder


Innate Abilities, Weirdness & Mutations

You have a pair of horns on your head.
You reflexively headbutt those who attack you in melee.


Message History

The shadow imp barely misses you. The kobold brigand barely misses you.
Fire: a) +0 shortbow
Press: ? - help, Q - select action Shift-Dir - straight line, f/p - kobold brigand
Aim: a kobold brigand, wielding a +0 dagger and quivering poisoned darts (severely wounded, 56% to hit)
You shoot an arrow.
The arrow closely misses the kobold brigand.
The arrow hits the shadow imp but does no damage.
The shadow imp is severely wounded.
The shadow imp barely misses you.
The kobold brigand hits you but does no damage.
Grinder says, "I used to sell toenails on the black market."
Fire: a) +0 shortbow
Press: ? - help, Q - select action Shift-Dir - straight line, f/p - kobold brigand
Aim: a kobold brigand, wielding a +0 dagger and quivering poisoned darts (severely wounded, 56% to hit)
You shoot an arrow.
The arrow hits the kobold brigand but does no damage.
The kobold brigand is severely wounded.
The shadow imp closely misses you. You furiously retaliate!
You headbutt the shadow imp.
The kobold brigand hits you with a +0 dagger.
* * * LOW HITPOINT WARNING * * *
The shadow imp barely misses you.
Fire: a) +0 shortbow
Press: ? - help, Q - select action Shift-Dir - straight line, f/p - kobold brigand
Aim: a kobold brigand, wielding a +0 dagger and quivering poisoned darts (severely wounded, 56% to hit)
You shoot an arrow. The arrow hits the kobold brigand!
The kobold brigand is almost dead.
The kobold brigand barely misses you. The shadow imp gestures at you.
Pain shoots through your body!
* * * LOW HITPOINT WARNING * * *
Unknown command.
Fire: a) +0 shortbow
Press: ? - help, Q - select action Shift-Dir - straight line, f/p - kobold brigand
Aim: a kobold brigand, wielding a +0 dagger and quivering poisoned darts (almost dead, 56% to hit)
You shoot an arrow.
The arrow barely misses the kobold brigand.
The arrow closely misses the shadow imp.
The kobold brigand hits you with a +0 dagger.
You die...

#~≈≈#≈≈≈≈≈≈≈...#≈≈≈≈≈≈#
#≈≈≈#≈≈≈≈~~#...#≈≈~≈≈≈#
#≈≈≈#≈≈≈~~...≈...≈≈≈≈≈#
#~~.#≈≈.~..#≈≈≈#..≈~~~#
#≈~~#......#≈≈~#......#
#~≈~#)#######≈#######+#
#≈.~#.)..).#.).#....
#≈~~~~~~~........~~≈
#≈≈≈#≈≈≈≈≈≈#@5.#≈≈≈
#############K#### K5#
K... ....' _.⌠.'..
....'.. .⌠..#~≈


You could see a kobold brigand, 2 shadow imps and 2 kobolds.

Vanquished Creatures
  3 adders
  2 river rats (D:3)
  3 ufetubi (Sewer)
  A worm (D:3)
  7 dart slugs (D:3)
  5 endoplasms
  4 goblins
  A hobgoblin (D:1)
  6 jackals
  17 kobolds
  4 quokkas
  2 bats (D:1)
  3 rats (D:3)
58 creatures vanquished.

Notes
Turn   | Place    | Note
-------+----------+-------------------------------------------
     0 | D:1      | safid the Minotaur Hunter began the quest for the Orb.
     0 | D:1      | Reached XP level 1. HP: 18/18 MP: 0/0
   159 | D:1      | Reached XP level 2. HP: 25/25 MP: 1/1
   339 | D:1      | Found a faded altar of an unknown god.
   794 | D:2      | Reached skill level 5 in Ranged Weapons
   794 | D:2      | Reached XP level 3. HP: 23/31 MP: 2/2
  1274 | D:3      | Reached XP level 4. HP: 40/40 MP: 3/3
  1403 | D:3      | Found a glowing drain.
  1411 | Sewer    | Entered a sewer
  1523 | Sewer    | Found an ancient bone altar of Kikubaaqudgha.
  1525 | Sewer    | Noticed a kobold brigand
  1534 | Sewer    | Noticed Grinder
  1541 | Sewer    | Slain by a kobold brigand

Illustrated notes

Levels and vault maps discovered:
D:1:      lightli_arrival_maybe_door_vault, layout_loops_ring,
          hellmonk_ecumenical_altar_zigzags
D:2:      minmay_alternating_diamond, layout_basic
D:3:      kennysheep_slugbush, layout_basic, lightli_sewer_entry_pipes,
          uniq_jessica
Sewer:    kennysheep_sewer_church

Skill      XL: |  1  2  3 |
---------------+----------+-----
Fighting       | 3 4 |  4.7
Ranged Weapons | 5 |  5.8
Dodging        | |  2.1
Stealth        | |  0.7

Action                   |  1- 3 |  4- 6 || total
-------------------------+-------+-------++-------
 Fire: Shortbow          |    89 |    67 ||   156
Armor: Leather armour    |    12 |     7 ||    19
Dodge: Dodged            |    16 |    20 ||    36
